 Dungeon Crawl Stone Soup version 0.31-a0-117-g42d8f58691 (webtiles) character file.

Game seed: 17796241133909510552

8326 sanka the Nimble (level 11, 0/73 HPs)
             Began as a Kobold Earth Elementalist on May 31, 2023.
             Was an Elder of Vehumet.
             Shot with an arrow by a centaur (8 damage)
             ... on level 10 of the Dungeon.
             The game lasted 00:17:17 (12805 turns).

sanka the Nimble (Kobold Earth Elementalist)       Turns: 12805, Time: 00:17:17

Health: 0/73       AC:  7    Str: 11    XL:     11   Next: 53%
Magic:  4/15       EV: 24    Int: 21    God:    Vehumet [****..]
Gold:   611        SH:  0    Dex: 22    Spells: 10/16 levels left

rFire   . . .        a - +2 dagger (venom)
rCold   . . .        (no shield)
rNeg    . . .        u - +2 robe {Will+}
rPois   .            g - +2 helmet
rElec   .            (no cloak)
rCorr   .            (no gloves)
SInv    .            (no boots)
Will    +....        (no amulet)
Stlth   ++++         J - +6 ring of dexterity
HPRegen 0.32/turn    C - +6 ring of strength
MPRegen 0.14/turn

%: no passive effects
@: no status effects
A: small, no large weapons, nightstalker 3
a: Renounce Religion


You were on level 10 of the Dungeon.
You worshipped Vehumet.
Vehumet was greatly pleased with you.
You visited 2 branches of the dungeon, and saw 11 of its levels.
You also visited: Ossuary.

You collected 611 gold pieces.


Innate Abilities, Weirdness & Mutations

You are small and have problems with some larger weapons.
You are completely attuned to the shadows.


   Skills:
 + Level 10.6 Fighting
 + Level 11.8 Dodging
 - Level 2.6 Stealth
 - Level 3.0 Spellcasting
 - Level 7.0 Conjurations
 - Level 1.0 Transmutations
 - Level 8.0 Earth Magic


You had 10 spell levels left.
You knew the following spells:

 Your Spells              Type           Power      Damage    Failure   Level
x - Stone Arrow           Conj/Erth      68%        3d11      1%          3
z - Sandblast             Erth           72%        2d16      1%          1
N - Passwall              Tmut/Erth      18%        N/A       3%          2

Your spell library contained the following spells:

 Spells                   Type           Power      Damage    Failure   Level
 Iskenderun's Mystic Bla  Conj/Tloc      17%        2d5       9%          4
 Flame Wave               Conj/Fire      17%        2d7       9%          4
 Sticky Flame             Conj/Fire      17%        2d4       9%          4
 Inner Flame              Hex/Fire       3%         N/A       11%         3
 Irradiate                Conj/Tmut      9%         3d14      17%         5
 Sublimation of Blood     Necr           3%         N/A       21%         2
 Petrify                  Tmut/Erth      22%        N/A       21%         4
 Anguish                  Hex/Necr       1%         N/A       78%         4
 Cause Fear               Hex            1%         N/A       78%         4
 Enfeeble                 Hex            1%         N/A       100%        7

Inventory:

Hand Weapons
 a - a +2 dagger of venom (weapon)
 b - a +5 scimitar
 H - a +1 long sword of flaming
Missiles
 t - 2 throwing nets {=f}
Armour
 g - a +2 helmet (worn)
 u - a +2 robe of willpower (worn)
 y - +0 steam dragon scales
Jewellery
 j - an amulet of guardian spirit
 C - a +6 ring of strength (right hand)
 J - a +6 ring of dexterity (left hand)
Wands
 E - a wand of paralysis (5)
Scrolls
 c - 2 scrolls of immolation {!r}
 e - 5 scrolls of teleportation {@r4}
 h - a scroll of enchant weapon
 l - 2 scrolls of fear
 p - 2 scrolls of amnesia
 q - a scroll of vulnerability {!r}
 s - a scroll of poison {!r}
 v - a scroll of summoning
 w - 2 scrolls of fog
 x - 2 scrolls of torment {!r}
 F - a scroll of enchant armour
Potions
 d - 2 potions of might {unknown}
 f - a potion of magic
 i - 4 potions of curing {@q1}
 k - 2 potions of enlightenment {unknown}
 m - 5 potions of lignification {unknown}
 n - 6 potions of resistance {unknown}
 o - 2 potions of mutation {unknown}
 r - 2 potions of attraction {unknown}
 z - a potion of berserk rage {unknown}
 A - 3 potions of heal wounds {unknown}
 B - a potion of brilliance {unknown}
 D - 3 potions of degeneration {unknown}

Dungeon Overview and Level Annotations

Branches:
Dungeon (10/15)            Temple (1/1) D:5         Ossuary (visited)
   Lair: D:8-11         Orc: D:9-12

Altars:
Ashenzari
Cheibriados
Dithmenos
Elyvilon
Fedhas
Gozag
Hepliaklqana
Kikubaaqudgha
Makhleb
Nemelex Xobeh
Okawaru
Qazlal
Ru
Sif Muna
Trog
Uskayaw
Vehumet
Wu Jian
Xom
Yredelemnul
Zin
The Shining One

Shops:
D:8

* ▒+▒▒▒▒ ▒.▒ ▒▒.▒ .....▒
▒▒▒▒▒▒.▒▒▒▒ ▒▒▒▒▒'▒▒ .....▒▒▒
▒.........▒ ▒.......
[....'.▒▒▒▒.........▒▒▒▒ ▒.......
.....▒.................▒▒▒.......
.....▒▒▒▒▒▒.........▒▒...▒.......
.....▒ ▒.........▒▒▒▒.'.......
.....▒ ▒.........▒ ▒▒▒.......
▒▒▒'▒▒ ▒▒▒▒▒▒K▒▒▒▒ ▒▒▒▒'▒▒▒ ▒..▒
▒)▒ ▒.▒ ▒▒.▒▒ ▒c▒▒ ▒.▒ ...▒ .
▒..▒ ▒▒▒▒+▒▒▒ ▒▒▒▒ ▒.
▒▒▒▒'▒▒▒▒▒▒▒▒....... ....
...▒...o...▒▒..+......< ....
▒..).......▒▒.▒▒....... ....
▒.▒▒.......▒▒.▒▒....... ....
▒.......▒▒.▒▒.......


You could see a centaur.


Message History

Press: ? - help, Shift-Dir - straight line, f/p - orc warrior
Aim: an orc warrior, wielding a +0 war axe and wearing a +0 plate armour (severely wounded, 74% to hit)
The stone arrow misses the orc warrior.
The orc warrior misses you.
Unknown command.
Unknown command.
Aiming: Stone Arrow (safe; 1% risk of failure)
Press: ? - help, Shift-Dir - straight line, f/p - orc warrior
Aim: an orc warrior, wielding a +0 war axe and wearing a +0 plate armour (severely wounded, 74% to hit)
The stone arrow hits the orc warrior!!
You kill the orc warrior!
Vehumet accepts your kill.
Unknown command.
Unknown command.
The blast of sand misses the orc.
The blast of sand hits the orc!!
You kill the orc!
Vehumet accepts your kill. The orc closely misses you.
The orc completely misses you.
The blast of sand hits the orc!!
You kill the orc!
Vehumet accepts your kill.
Vehumet is now extending the range of your destructive spells.
The centaur shoots an arrow.
The arrow hits you!
* * * LOW HITPOINT WARNING * * *
The centaur shoots an arrow.
The arrow hits you!
You die...

Action                     |  1- 3 |  4- 6 |  7- 9 | 10-12 || total
---------------------------+-------+-------+-------+-------++-------
  Melee: Dagger            |       |       |       |    22 ||    22
   Cast: Sandblast         |    41 |    59 |   148 |   213 ||   461
         Stone Arrow       |       |       |    17 |    33 ||    50
  Evoke: Wand              |       |       |       |     6 ||     6
    Use: Scroll            |       |       |    10 |     2 ||    12
         Potion            |       |       |     1 |       ||     1
   Stab: Paralysed         |       |       |       |     1 ||     1
 Armour: Robe              |       |     2 |     6 |    25 ||    33
         Skin              |       |       |       |     1 ||     1
  Dodge: Dodged            |     4 |     6 |    41 |   183 ||   234

Levels and vault maps discovered:
D:1:      minmay_arrival_four_circles, layout_basic, minmay_misc_feat_x,
          chequers_serial_rivers_small_3, minmay_quantized
D:2:      minmay_angry_zag, layout_basic
D:3:      layout_loops_ring, mainiacjoe_overflow_alcove_1,
          mainiacjoe_overflow_24_doors, nicolae_hepliaklqana_monster_ancestors,
          grunt_temple_overflow_open, nicolae_wu_jian_immortal_techniques,
          elyvilon_altar_1, minivault_23, minmay_bisected, uniq_grinder
D:4:      layout_loops_ring, kennysheep_decorative_pillar, minmay_pentangle,
          uniq_menkaure, uniq_eustachio
D:5:      kennysheep_spiral_hall, layout_basic,
          mainiacjoe_overflow_surrounded_room, minmay_temple_entry_waves,
          uniq_blork_the_orc, uniq_pikel
D:6:      layout_layer_cave, mainiacjoe_overflow_chevrons,
          cheibrodos_worm_habitat, enter_ossuary_2, kennysheep_minor_cross,
          uniq_duvessa
D:7:      layout_basic, mainiacjoe_overflow_alcove_4, old_standard_altar,
          uniq_joseph
D:8:      layout_layer_cave, nicolae_ru_the_path_less_chosen,
          nicolae_alphabet_shops
D:9:      layout_long_grid, lemuel_zombie_altar_kikubaaqudgha,
          old_standard_altar, special_room [special_room_orc]
D:10:     layout_roguey, st_stairs_7, nicolae_shop_i_like_small_books_too
Temple:   hellmonk_temple_micro_hex

Notes
Turn   | Place    | Note
-------+----------+-------------------------------------------
     0 | D:1      | sanka the Kobold Earth Elementalist began the quest for the
                  | Orb.
     0 | D:1      | Reached XP level 1. HP: 10/10 MP: 3/3
   324 | D:1      | Reached XP level 2. HP: 15/15 MP: 3/5
  1032 | D:1      | Reached XP level 3. HP: 19/19 MP: 1/7
  1090 | D:1      | Learned a level 2 spell: Passwall
  1094 | D:1      | Learned a level 3 spell: Stone Arrow
  1465 | D:2      | Reached skill level 3 in Spellcasting
  1590 | D:2      | Reached skill level 1 in Conjurations
  1590 | D:2      | Reached XP level 4. HP: 24/24 MP: 4/8
  1763 | D:2      | Reached skill level 4 in Earth Magic
  2435 | D:3      | Found a white marble altar of Elyvilon.
  2462 | D:3      | Found a glowing silver altar of Zin.
  2500 | D:3      | Found an iron altar of Okawaru.
  2510 | D:3      | Found a glowing golden altar of the Shining One.
  2705 | D:3      | Reached skill level 2 in Conjurations
  2772 | D:3      | Reached XP level 5. HP: 28/28 MP: 7/9
  2791 | D:3      | Found a burning altar of Makhleb.
  2865 | D:3      | Noticed Grinder
  2869 | D:3      | Paralysed by Grinder for 2 turns
  2872 | D:3      | Killed Grinder
  2873 | D:3      | Reached skill level 3 in Conjurations
  2873 | D:3      | Reached skill level 5 in Earth Magic
  2873 | D:3      | Reached XP level 6. HP: 32/32 MP: 4/10
  2982 | D:3      | Found a hazy altar of Hepliaklqana.
  3033 | D:3      | Found a basalt altar of Yredelemnul.
  3071 | D:3      | Found an ornate altar of the Wu Jian Council.
  3740 | D:4      | Noticed an ogre
  3743 | D:4      | Killed an ogre
  3744 | D:4      | Reached skill level 4 in Conjurations
  3744 | D:4      | Reached XP level 7. HP: 11/36 MP: 7/11
  3916 | D:4      | Reached skill level 6 in Earth Magic
  4061 | D:4      | Noticed Menkaure
  4065 | D:4      | Killed Menkaure
  4066 | D:4      | Reached skill level 5 in Conjurations
  4066 | D:4      | Reached XP level 8. HP: 41/41 MP: 7/12
  4353 | D:4      | Noticed Eustachio
  4356 | D:4      | Killed Eustachio
  4563 | D:5      | Entered Level 5 of the Dungeon
  4563 | D:5      | Noticed Pikel
  4575 | D:4      | Killed Pikel
  4576 | D:4      | Reached skill level 6 in Conjurations
  4576 | D:4      | Reached skill level 7 in Earth Magic
  4774 | D:5      | Reached XP level 9. HP: 45/45 MP: 10/13
  4817 | D:5      | Noticed Blork the orc
  4821 | D:5      | Killed Blork the orc
  4822 | D:5      | Reached skill level 7 in Conjurations
  4822 | D:5      | Reached skill level 8 in Earth Magic
  4822 | D:5      | Reached skill level 1 in Fighting
  4910 | D:5      | Reached skill level 3 in Dodging
  4940 | D:5      | Reached skill level 2 in Fighting
  5169 | D:5      | Found a staircase to the Ecumenical Temple.
  5175 | Temple   | Entered the Ecumenical Temple
  5180 | Temple   | Became a worshipper of Vehumet
  5270 | D:5      | Reached skill level 4 in Dodging
  5523 | D:5      | Found a shimmering blue altar of Sif Muna.
  5721 | D:6      | Noticed a two-headed ogre
  5787 | D:6      | Found a snail-covered altar of Cheibriados.
  5881 | D:6      | Found a sand-covered staircase.
  5886 | Ossuary  | Entered an ossuary
  6178 | Ossuary  | Reached * piety under Vehumet
  6178 | Ossuary  | Offered knowledge of Magic Dart by Vehumet.
  6255 | Ossuary  | Reached skill level 3 in Fighting
  6619 | D:6      | Killed a two-headed ogre
  6620 | D:6      | Reached skill level 4 in Fighting
  6620 | D:6      | Reached skill level 6 in Dodging
  6869 | D:6      | Noticed Duvessa
  6870 | D:6      | Noticed Dowan
  6873 | D:6      | Killed Duvessa
  6874 | D:6      | Reached skill level 5 in Fighting
  6877 | D:6      | Killed Dowan
  7170 | D:6      | Reached ** piety under Vehumet
  7170 | D:6      | Offered knowledge of Momentum Strike by Vehumet.
  7286 | D:6      | Found a shadowy altar of Dithmenos.
  8142 | D:7      | Found a shimmering altar of Xom.
  8163 | D:7      | Noticed Joseph
  8167 | D:7      | Killed Joseph
  8168 | D:7      | Reached skill level 6 in Fighting
  8168 | D:7      | Reached skill level 7 in Dodging
  8168 | D:7      | Reached XP level 10. HP: 60/60 MP: 1/14
  8260 | D:7      | Identified the +0 robe of Puerubb {Dex+3}
  8585 | D:7      | Reached skill level 8 in Dodging
  8673 | D:7      | Reached skill level 7 in Fighting
  8731 | D:7      | Identified +0 steam dragon scales
  8969 | D:7      | Found an opulent altar of Gozag.
  9146 | D:8      | Found Tanocigh's Tempting Trifles.
  9411 | D:8      | Noticed a two-headed ogre
  9414 | D:8      | Killed a two-headed ogre
  9415 | D:8      | Reached skill level 8 in Fighting
  9415 | D:8      | Reached skill level 9 in Dodging
  9941 | D:8      | Found a sacrificial altar of Ru.
 10393 | D:9      | Found an ancient bone altar of Kikubaaqudgha.
 10457 | D:9      | Offered knowledge of Static Discharge by Vehumet.
 10899 | D:8      | Reached skill level 10 in Dodging
 11126 | D:9      | Reached *** piety under Vehumet
 11213 | D:9      | Reached skill level 9 in Fighting
 11213 | D:9      | Reached XP level 11. HP: 64/65 MP: 11/15
 11494 | D:9      | Found a sparkling altar of Nemelex Xobeh.
 11545 | D:9      | Offered knowledge of Iskenderun's Mystic Blast by Vehumet.
 11586 | D:9      | Reached skill level 11 in Dodging
 11989 | D:9      | Reached skill level 10 in Fighting
 12252 | D:10     | Entered Level 10 of the Dungeon
 12805 | D:10     | Reached **** piety under Vehumet
 12805 | D:10     | Shot with an arrow by a centaur

Vanquished Creatures
  2 two-headed ogres
  Pikel (D:4)
  Joseph (D:7)
  3 kobold demonologists (D:10)
  A komodo dragon (D:10)
  2 hornets (D:9)
  Grinder (D:3)
  5 yaks (D:9)
  A wraith (D:9)
  Eustachio (D:4)
  A wyvern (D:9)
  A steam dragon (D:7)
  Menkaure (D:4)
  A water moccasin (D:9)
  6 orc warriors
  Duvessa (D:6)
  2 sky beasts
  An ice beast (D:7)
  5 ogres
  A centaur (D:9)
  3 phantoms
  4 kobold brigands
  Blork the orc (D:5)
  A scorpion (D:5)
  A gnoll sergeant (D:9)
  5 wights (D:8)
  Dowan (D:6)
  A howler monkey (D:6)
  A jelly (D:6)
  A hound (D:4)
  2 gnoll boudas
  2 orc priests (D:9)
  A sleepcap (D:6)
  2 iguanas (D:5)
  4 orc wizards
  A mummy (Ossuary)
  13 gnolls
  8 adders
  3 shadow imps
  A white imp (D:8)
  An ufetubus (D:4)
  4 worms
  6 dart slugs
  35 orcs
  2 spectral bats (Ossuary)
  3 bat simulacra (Ossuary)
  A bat zombie (D:9)
  10 endoplasms
  A giant cockroach (D:3)
  12 gnoll zombies (Ossuary)
  3 goblins (D:4)
  8 hobgoblins
  5 jackals (D:2)
  3 quokkas
  8 ball pythons
  6 bats
  2 frilled lizards (D:1)
  4 goblin simulacra (Ossuary)
  2 goblin zombies (Ossuary)
  4 hobgoblin zombies (Ossuary)
  25 kobolds
  2 kobold simulacra (Ossuary)
  4 kobold zombies (Ossuary)
  8 orc zombies (Ossuary)
  7 rats
  2 rat simulacra (Ossuary)
  A rat zombie (D:9)
  A spectral goblin (Ossuary)
  6 spectral kobolds (Ossuary)
  A spectral orc (D:3)
  A spectral rat (Ossuary)
272 creatures vanquished.
